 Dungeon Crawl Stone Soup version 0.28.0-43-g3370ac3207 (webtiles) character file.

Game seed: 1641128849391494948

175 ultragoat the Covered (level 5, 0/47 HPs)
             Began as a Minotaur Abyssal Knight on Mar 15, 2022.
             Was a Priest of Lugonu.
             Slain by a river rat (5 damage)
             ... in a sewer.
             The game lasted 00:11:51 (2338 turns).

ultragoat the Covered (Minotaur Abyssal Knight)     Turns: 2338, Time: 00:11:52

Health: 0/47       AC: 12    Str: 20    XL:     5   Next: 29%
Magic:  5/5        EV:  3    Int:  7    God:    Lugonu [***...]
Gold:   68         SH:  0    Dex: 10    Spells: 4/4 levels left

rFire   . . .      SeeInvis .   g - +0 war axe
rCold   . . .      Faith    .   (no shield)
rNeg    . . .      Spirit   .   h - +0 plate armour
rPois   .          Reflect  .   (helmet restricted)
rElec   .          Harm     .   (no cloak)
rCorr   .          Rampage  .   (no gloves)
Will    .....                   (no boots)
Stlth   ..........              (no amulet)
HPRegen 0.15/turn               (no ring)
MPRegen 0.09/turn               (no ring)

@: constricted, very slow
A: horns 2, retaliatory headbutt
a: Renounce Religion, Depart the Abyss, Bend Space, Banish


You were in a sewer.
You worshipped Lugonu.
Lugonu was most pleased with you.
You visited 1 branch of the dungeon, and saw 3 of its levels.
You visited the Abyss 1 time.
You also visited: Sewer.

You collected 68 gold pieces.

Inventory:

Hand Weapons
 g - a +0 war axe (weapon)
Missiles
 d - 6 boomerangs (quivered)
Armour
 h - a +0 plate armour (worn)
Wands
 a - a wand of digging (5)
Scrolls
 c - a scroll of torment {unknown}
 l - 3 scrolls of identify {unknown}
Potions
 e - a potion of lignification {unknown}
 f - a potion of curing {unknown}
 i - a potion of heal wounds {unknown}
 j - a potion of degeneration {unknown}
 k - a potion of magic {unknown}
 m - a potion of mutation {unknown}
 n - a potion of might {unknown}


   Skills:
 - Level 4.3 Fighting
 + Level 4.0 Axes
 * Level 4.5 Armour
 - Level 2.4 Dodging
 - Level 2.0 Invocations


You had 4 spell levels left.
You didn't know any spells.
Your spell library was empty.

Dungeon Overview and Level Annotations

Branches:
Dungeon (3/15)              Sewer (1/1)

Altars:
Ru


Innate Abilities, Weirdness & Mutations

You have a pair of horns on your head.
You reflexively headbutt those who attack you in melee.


Message History

The ball python bites you but does no damage.
The ball python constricts you. The ball python barely misses you.
The river rat bites you! The rat bites you but does no damage.
The ball python bites you.
* * * LOW HITPOINT WARNING * * *
The ball python constricts you.
* * * LOW HITPOINT WARNING * * *
Your Axes skill increases to level 4!
It was a potion of cancellation.
You feel magically purged. The ball python barely misses you.
The river rat bites you.
* * * LOW HITPOINT WARNING * * *
The ball python bites you but does no damage.
The ball python constricts you. The rat bites you but does no damage.
You slash the ball python!
You kill the ball python!
Lugonu accepts your kill.
You closely miss the ball python. You hit the river rat but do no damage.
You closely miss the rat. The ball python bites you.
* * * LOW HITPOINT WARNING * * *
The ball python constricts you.
The river rat bites you but does no damage.
The rat bites you but does no damage.
You escape the ball python's grasp.
You enter the shallow water.
Moving in this stuff is going to be slow.
The rat barely misses you. The river rat completely misses you.
The ball python bites you but does no damage.
The ball python barely misses you. The ball python barely misses you.
The ball python grabs you. The ball python constricts you.
The river rat bites you.
* * * LOW HITPOINT WARNING * * *
You escape the ball python's grasp.
The ball python bites you.
* * * LOW HITPOINT WARNING * * *
The ball python grabs you. The ball python constricts you.
The river rat bites you.
* * * LOW HITPOINT WARNING * * *
The ball python's grasp on you weakens, but your attempt to escape fails.
The ball python bites you but does no damage.
The ball python constricts you. The river rat bites you.
You die...

##...........†...##
#.........#...†...#
##......##'##......#
#......##..###......
#.≈....##..# #..≈.≈#
#≈≈≈≈≈≈##### #≈≈≈≈≈≈
#≈≈≈≈≈≈# #≈≈≈≈≈≈
#≈≈≈≈≈≈# #≈≈≈≈≈≈
#≈≈@≈≈≈# #≈≈≈≈≈≈
#≈≈rSr≈# #≈≈≈≈≈≈
#≈≈≈rrr# #≈≈≈≈≈≈
#≈≈≈≈≈≈# #≈≈≈≈≈≈
##≈≈†.## #†≈≈≈≈≈
#≈≈.†≈≈# #†≈#≈≈≈
#≈†≈.≈≈# #≈≈≈≈≈≈
#≈≈≈≈≈≈# #≈≈≈≈≈≈
#≈≈≈≈≈≈# #≈≈≈≈≈≈


You could see a river rat, a ball python and 4 rats.

Vanquished Creatures
  2 adders
  6 river rats (Sewer)
  3 dart slugs
  An orc (D:2)
  15 ball pythons
  4 bats
  5 endoplasms
  3 giant cockroaches (D:3)
  3 goblins
  5 hobgoblins
  12 jackals
  5 quokkas
  A frilled lizard (D:2)
  5 kobolds
  25 rats
95 creatures vanquished.

Vanquished Creatures (others)
  A plant (D:2)
1 creature vanquished.

Grand Total: 96 creatures vanquished

Notes
Turn   | Place    | Note
-------+----------+-------------------------------------------
     0 | Abyss:1  | ultragoat the Minotaur Abyssal Knight began the quest for
                  | the Orb.
     0 | Abyss:1  | Reached XP level 1. HP: 19/19 MP: 1/1
    34 | D:1      | Escaped the Abyss
   366 | D:1      | Reached XP level 2. HP: 27/27 MP: 2/2
   513 | D:1      | Reached ** piety under Lugonu
   671 | D:1      | Reached XP level 3. HP: 25/29 MP: 3/3
  1093 | D:2      | Found a faded altar of an unknown god.
  1802 | D:3      | Found a sacrificial altar of Ru.
  1912 | D:3      | Reached XP level 4. HP: 38/40 MP: 4/4
  2058 | D:3      | Reached *** piety under Lugonu
  2064 | D:3      | Found a glowing drain.
  2085 | Sewer    | Entered a sewer
  2231 | Sewer    | Reached XP level 5. HP: 43/47 MP: 5/5
  2338 | Sewer    | Slain by a river rat

Illustrated notes

Levels and vault maps discovered:
D:1:      ncdulo_smallfort, layout_rooms
D:2:      layout_basic, shapermc_ecumenical_altar_mp_ritualfount, minmay_tall_x
D:3:      layout_basic, amcnicky_altar_gilded, gup_sewer_entry_pipe
Sewer:    sewer_minmay_w

Skill      XL: |  1  2  3  4  5 |
---------------+----------------+-----
Invocations    | 2 |  2.0
Fighting       | 4 |  4.3
Axes           | 3 4 |  4.0
Armour         | 3 4 |  4.5
Dodging        | 2 |  2.4

Action                   |  1- 3 |  4- 6 || total
-------------------------+-------+-------++-------
Melee: Hand axe          |    43 |       ||    43
       Headbutt          |    10 |     8 ||    18
       Punch             |     1 |       ||     1
       War axe           |    62 |    95 ||   157
  Use: Scroll            |     2 |       ||     2
       Potion            |       |     1 ||     1
Armor: Ring mail         |    28 |       ||    28
       Plate armour      |    48 |    81 ||   129
Dodge: Dodged            |    64 |    43 ||   107
